 Dungeon Crawl Stone Soup version 0.24.0-125-gc4c63601f3 (webtiles) character file.

Game seed: 17375918043868049385, levelgen mode: deterministic

46 Curus the Chopper (level 3, 0/31 HPs)
             Began as a Minotaur Abyssal Knight on Feb 28, 2020.
             Was a Follower of Lugonu.
             Succumbed to Sigmund's poison
             ... on level 1 of the Dungeon.
             The game lasted 00:04:30 (792 turns).

Curus the Chopper (Minotaur Abyssal Knight)          Turns: 792, Time: 00:04:31

Health: 0/31       AC:  3    Str: 14    XL:     3   Next: 46%
Magic:  4/4        EV: 11    Int:  9    God:    Lugonu [*.....]
Gold:   10         SH:  0    Dex: 10    Spells: 2/2 levels left

rFire    . . .     SeeInvis .   a - +1 hand axe
rCold    . . .     Gourm    .   (no shield)
rNeg     . . .     Faith    .   b - +0 leather armour
rPois    .         Spirit   .   (helmet restricted)
rElec    .         Reflect  .   (no cloak)
rCorr    .         Harm     .   (no gloves)
MR       .....                  (no boots)
Stlth    +.........             (no amulet)
HPRegen  0.10/turn              d - -2 ring of strength (curse)
MPRegen  0.09/turn              (no ring)

@: lethally poisoned (0 -> -9)
A: retaliatory headbutt, horns 2
a: Depart the Abyss, Renounce Religion


You were on level 1 of the Dungeon.
You worshipped Lugonu.
Lugonu was aware of your devotion.
You were not hungry.

You visited 1 branch of the dungeon, and saw 2 of its levels.
You visited the Abyss 1 time.

You collected 10 gold pieces.

Inventory:

Hand Weapons
 a - a +1 hand axe (weapon)
Armour
 b - a +0 leather armour (worn)
Jewellery
 d - a cursed -2 ring of strength (left hand)
Comestibles
 c - 2 rations


   Skills:
 - Level 3.6 Fighting
 + Level 3.7 Axes
 - Level 2.4 Armour
 - Level 1.1 Dodging
 + Level 2.9 Invocations


You had 2 spell levels left.
You didn't know any spells.
Your spell library was empty.

Dungeon Overview and Level Annotations

Branches:
Dungeon (2/15)

Altars:

Annotations:
D:2 Sigmund


Innate Abilities, Weirdness & Mutations

You reflexively headbutt those who attack you in melee.
You have a pair of horns on your head.


Message History

A puff of flame appears from out of thin air!
The puff of flame hits you.
* * * LOW HITPOINT WARNING * * *
The adder bites you but does no damage.
You climb upwards.
Reactivating autopickup.
* * * LOW HITPOINT WARNING * * *
You feel sick.
There is a stone staircase leading down here.
You barely miss the adder.
The adder is heavily wounded.
* * * LOW HITPOINT WARNING * * *
You feel sick. The adder bites you but does no damage.
You barely miss the adder.
The adder is heavily wounded.
* * * LOW HITPOINT WARNING * * *
You feel sick. The adder closely misses you.
You barely miss the adder.
The adder is heavily wounded.
You die...

#.#...# #...#.#
#.########.....# ###
####'#..........###
..# #......########.#
..# #^.....#[.....#.#
..# #...†..#.####.#.#
..# ##...)..#......#.#
..###.....†....[.###.#
..'.'...........@#...#
..###........##..S.###
..# #........#######
### #........#
#........# #........#
######.### #.# #.#


You could see an adder.

Vanquished Creatures
  A gnoll (D:1)
  A leopard gecko (D:1)
  3 giant cockroaches (D:1)
  3 goblins (D:1)
  3 hobgoblins (D:1)
  4 jackals (D:1)
  8 bats
  6 kobolds
  4 rats (D:1)
33 creatures vanquished.

Notes
Turn   | Place    | Note
-------+----------+-------------------------------------------
     0 | Abyss:1  | Curus the Minotaur Abyssal Knight began the quest for the
                  | Orb.
     0 | Abyss:1  | Reached XP level 1. HP: 19/19 MP: 1/1
    44 | Abyss:1  | Noticed a hellwing
    44 | Abyss:1  | Noticed a seven-headed hydra skeleton
    45 | Abyss:1  | Noticed an apocalypse crab
    51 | D:1      | Escaped the Abyss
   188 | D:1      | Reached * piety under Lugonu
   188 | D:1      | Reached XP level 2. HP: 23/26 MP: 2/2
   565 | D:1      | Reached XP level 3. HP: 29/31 MP: 2/4
   780 | D:2      | Noticed Sigmund
   791 | D:1      | HP: 1/31 [poisoned by Sigmund]
   792 | D:1      | Succumbed to Sigmund's poison

Levels and vault maps discovered:
D:1:      dpeg_arrival_pits, layout_basic
D:2:      layout_rooms, uniq_sigmund

Skill      XL: |  1  2 |
---------------+-------+-----
Invocations    | 2 |  2.9
Axes           | 3 |  3.7
Fighting       | |  3.6
Armour         | |  2.4
Dodging        | |  1.1

Action                   || total
-------------------------++-------
Melee: Hand axe          ||    58
       Headbutt          ||     9
Invok: Depart the Abyss  ||     1
  Use: Potion            ||     5
       Scroll            ||     1
Armor: Leather armour    ||    28
Dodge: Dodged            ||    60
